 Dungeon Crawl Stone Soup version 0.25-a0-523-g9afb2ee040 (webtiles) character file.

Game seed: 252044201319113705, levelgen mode: deterministic

17623 Flugslaktarn the Cleaver (level 12, -7/110 HPs)
             Began as a Deep Dwarf Fighter on Feb 18, 2020.
             Was a High Priest of Makhleb.
             Mangled by a very large slime creature (35 damage)
             ... on level 12 of the Dungeon.
             The game lasted 00:07:12 (8025 turns).

Flugslaktarn the Cleaver (Deep Dwarf Fighter)       Turns: 8025, Time: 00:07:12

Health: -7/110     AC: 18    Str: 24    XL:     12   Next: 20%
Magic:  2/2        EV:  7    Int: 10    God:    Makhleb [*****.]
Gold:   638        SH: 12    Dex: 17    Spells: 11/11 levels left

rFire    . . .     SeeInvis .   a - +0 war axe
rCold    . . .     Gourm    .   c - +0 kite shield
rNeg     . . .     Faith    .   F - +3 chain mail "Uzayst" {Dex+3}
rPois    .         Spirit   .   k - +1 hat
rElec    .         Reflect  .   j - +0 cloak
rCorr    .         Harm     .   x - +0 pair of gloves
MR       +....     Rnd*Tele +   (no boots)
Stlth    ..........             h - amulet of the acrobat
HPRegen  0.00/turn              m - +2 ring of dexterity
MPRegen  0.08/turn              G - ring of teleportation (curse)

@: non-regenerating
A: damage resistance, heal wounds, hooves 1, sense surroundings 2, wild magic 1,
no regeneration
a: Heal Wounds, Minor Destruction, Lesser Servant of Makhleb, Major Destruction,
Greater Servant of Makhleb, Renounce Religion


You were on level 12 of the Dungeon.
You worshipped Makhleb.
Makhleb was extremely pleased with you.
You were not hungry.

You visited 2 branches of the dungeon, and saw 13 of its levels.

You collected 638 gold pieces.

Inventory:

Hand Weapons
 a - a +0 war axe (weapon)
Missiles
 s - 3 throwing nets (quivered)
Armour
 c - a +0 kite shield (worn)
 j - a +0 cloak (worn)
   (You found it on level 3 of the Dungeon)
 k - a +1 hat (worn)
   (You found it on level 4 of the Dungeon)
 x - a +0 pair of gloves (worn)
   (You found it on level 4 of the Dungeon)
 F - the +3 chain mail "Uzayst" (worn) {Dex+3}
   (You found it on level 7 of the Dungeon)

   It affects your dexterity (+3).
   If you remove this armour, your AC will decrease by 15 (18 -> 3).
Jewellery
 h - an amulet of the acrobat (around neck)
   (You found it on level 9 of the Dungeon)
 m - a +2 ring of dexterity (left hand)
   (You found it on level 3 of the Dungeon)
 p - a +2 amulet of reflection {unknown}
   (You found it on level 9 of the Dungeon)
 G - a cursed ring of teleportation (right hand)
   (You found it on level 7 of the Dungeon)
 I - a +4 ring of intelligence {unknown}
   (You found it on level 10 of the Dungeon)
Wands
 y - a wand of paralysis (12)
   (You found it on level 11 of the Dungeon)
 A - a wand of clouds (5)
   (You found it on level 11 of the Dungeon)
 L - a wand of iceblast (3)
   (You found it on level 10 of the Dungeon)
 M - a wand of enslavement (12)
   (You found it on level 10 of the Dungeon)
Scrolls
 b - 3 scrolls of remove curse
 f - 2 scrolls of amnesia
 g - 3 scrolls of magic mapping
 r - 2 scrolls of identify
 t - a scroll of teleportation
 z - 2 scrolls of blinking
 B - 3 scrolls of fog
 C - a scroll of immolation
 D - a scroll of enchant weapon
 E - a scroll of fear
 J - 3 scrolls of enchant armour {unknown}
Potions
 d - a potion of might
 i - a potion of magic
 l - 3 potions of flight
 n - 2 potions of invisibility
 o - a potion of brilliance
 q - 3 potions of curing
 u - 2 potions of degeneration
 v - 6 potions of lignification {unknown}
 w - a potion of heal wounds
 H - 2 potions of berserk rage
 O - a potion of resistance {unknown}
Miscellaneous
 K - a lamp of fire (inert)
   (You found it on level 10 of the Dungeon)
Comestibles
 e - 16 rations
 N - 31 chunks of flesh


   Skills:
 + Level 8.1 Fighting
 * Level 12.8 Axes
 + Level 9.7 Armour
 + Level 9.7 Shields
 + Level 10.3 Invocations


You had 11 spell levels left.
You didn't know any spells.
Your spell library was empty.

Dungeon Overview and Level Annotations

Branches:
Dungeon (12/15)            Temple (0/1) D:7            Lair (1/6) D:8
    Orc (0/2) D:9

Altars:
Cheibriados
Dithmenos
Fedhas
Hepliaklqana
Kikubaaqudgha
Makhleb
Nemelex Xobeh
Okawaru
Ru
Yredelemnul


Innate Abilities, Weirdness & Mutations

You are resistant to damage.
You can heal yourself by infusing magical energy.
You passively map the area around you.
You do not regenerate.
You have large cloven feet.
Your spells are a little harder to cast, but a little more powerful.


Message History

You hit the very large slime creature.
The centaur warrior zombie hits you but does no damage.
You block the very large slime creature's attack.
You slash the centaur warrior zombie! You kick the centaur warrior zombie.
The centaur warrior zombie is heavily damaged.
You hit the very large slime creature.
You block the centaur warrior zombie's attack.
You slash the centaur warrior zombie! You kick the centaur warrior zombie.
The centaur warrior zombie is heavily damaged.
You slash the very large slime creature!
The centaur warrior zombie hits you but does no damage.
The very large slime creature hits you but does no damage.
Two slime creatures merge to form a large slime creature.
You completely miss the centaur warrior zombie.
You kick the centaur warrior zombie.
The centaur warrior zombie is heavily damaged.
You slash the very large slime creature!
The centaur warrior zombie hits you but does no damage.
The very large slime creature hits you!!!
You die...

* *
*,#.######
#.####. ,
, ,#.#
#...... *
, * #.# **
**#######
,, * ,#.#
, * #.# *
* ** * **
#J# ,, #O#
* ** #J# *
* #@# *
#Z# #.#
#.# , #.#
* #.. ,
###


You could see a very large slime creature, a large slime creature, a two-headed
ogre and a centaur warrior zombie.

Vanquished Creatures
  Erolcha (D:10)
  3 two-headed ogres
  An unseen horror (D:12)
  Pikel (D:8)
  A cyclops (D:11)
  4 ugly things (D:11)
  A manticore (D:11)
  A centaur zombie (D:8)
  Psyche (D:10)
  A gargoyle (D:12)
  3 trolls
  A hippogriff (D:10)
  Grinder (D:5)
  A wraith (D:12)
  A water elemental (D:12)
  10 yaks
  Grum (D:8)
  A hungry ghost (D:9)
  Menkaure (D:7)
  3 wargs (D:8)
  2 water moccasins
  Duvessa (D:7)
  2 ice beasts (D:5)
  4 sky beasts
  3 orc warriors
  A slave (D:8)
  4 phantoms
  6 ogres
  A necrophage (D:7)
  4 wolves (D:8)
  9 centaurs
  3 big kobolds
  Blork the orc (D:4)
  A wyvern zombie (D:6)
  10 bullfrogs
  2 gnoll sergeants
  A water moccasin zombie (D:12)
  A water moccasin skeleton (D:7)
  Dowan (D:7)
  7 scorpions
  5 killer bees (D:11)
  An electric eel (D:12)
  2 howler monkeys (D:7)
  3 crimson imps
  A bullfrog zombie (D:7)
  8 orc priests
  7 hounds
  A centaur skeleton (D:4)
  5 jellies
  8 orc wizards
  2 bullfrog skeletons
  Jessica (D:3)
  Ijyb (D:5)
  6 iguanas
  Natasha (thrice) (D:4)
  6 worker ants
  A hound zombie (D:11)
  2 hound skeletons
  A howler monkey zombie (D:7)
  12 gnolls
  A howler monkey skeleton (D:8)
  9 adders
  7 shadow imps
  An adder skeleton (D:4)
  2 worms
  3 leopard geckos
  30 orcs
  2 giant cockroaches
  6 goblins
  5 hobgoblins
  2 jackals (D:7)
  8 quokkas
  4 bats
  2 frilled lizards
  17 kobolds
  A leopard gecko skeleton (D:8)
  A quokka skeleton (D:8)
  7 rats
286 creatures vanquished.

Vanquished Creatures (collateral kills)
  An ugly thing (D:11)
  2 yaks (D:11)
  2 vampire mosquitoes (D:11)
5 creatures vanquished.

Vanquished Creatures (others)
  2 slaves (D:8)
  3 kobolds (D:8)
5 creatures vanquished.

Grand Total: 296 creatures vanquished

Notes
Turn   | Place    | Note
-------+----------+-------------------------------------------
     0 | D:1      | Flugslaktarn the Deep Dwarf Fighter began the quest for the
                  | Orb.
     0 | D:1      | Reached XP level 1. HP: 20/20 MP: 1/1
   120 | D:2      | Reached XP level 2. HP: 27/27 MP: 2/2
   141 | D:2      | Reached skill level 3 in Axes
   141 | D:2      | Reached XP level 3. HP: 15/33 MP: 3/3
   235 | D:2      | Found an iron altar of Okawaru.
   401 | D:3      | Reached XP level 4. HP: 32/42 MP: 4/4
   569 | D:3      | Found a burning altar of Makhleb.
   665 | D:3      | Became a worshipper of Makhleb the Destroyer
   723 | D:3      | Noticed Jessica
   738 | D:3      | Killed Jessica
   738 | D:3      | Reached skill level 4 in Axes
   774 | D:3      | Reached XP level 5. HP: 25/49 MP: 5/5
  1322 | D:4      | Noticed Blork the orc
  1322 | D:4      | Noticed Natasha
  1330 | D:4      | Reached skill level 1 in Invocations
  1339 | D:4      | Killed Blork the orc
  1339 | D:4      | Reached XP level 6. HP: 17/56 MP: 4/6
  1355 | D:4      | Killed Natasha
  1630 | D:4      | Found a sparkling altar of Nemelex Xobeh.
  1636 | D:4      | Reached skill level 5 in Axes
  1667 | D:4      | Reached * piety under Makhleb
  1857 | D:4      | Noticed Natasha
  1866 | D:4      | Killed Natasha
  1866 | D:4      | Reached XP level 7. HP: 23/63 MP: 6/6
  1880 | D:4      | Noticed Natasha
  1888 | D:4      | Killed Natasha
  1955 | D:5      | Entered Level 5 of the Dungeon
  1964 | D:5      | Noticed Grinder
  1968 | D:5      | Paralysed by Grinder for 4 turns
  1977 | D:5      | Paralysed by Grinder for 6 turns
  1990 | D:5      | Killed Grinder
  1990 | D:5      | Reached skill level 5 in Armour
  1990 | D:5      | Reached skill level 5 in Shields
  2024 | D:5      | Noticed Ijyb
  2069 | D:5      | Killed Ijyb
  2069 | D:5      | Reached skill level 6 in Axes
  2566 | D:5      | Reached XP level 8. HP: 48/73 MP: 8/8
  2708 | D:5      | Reached skill level 7 in Axes
  3084 | D:6      | Reached skill level 5 in Fighting
  3120 | D:6      | Found a basalt altar of Yredelemnul.
  3161 | D:6      | Reached skill level 5 in Invocations
  3328 | D:6      | Gained mutation: You passively map the area around you.
                  | [Deep Dwarf growth]
  3328 | D:6      | Reached XP level 9. HP: 48/81 MP: 9/9
  3368 | D:6      | Found a snail-covered altar of Cheibriados.
  3385 | D:6      | Reached skill level 8 in Axes
  3876 | D:7      | Found a staircase to the Ecumenical Temple.
  3882 | D:7      | Noticed Duvessa
  3882 | D:7      | Noticed Dowan
  3894 | D:7      | Killed Dowan
  3914 | D:7      | Killed Duvessa
  4007 | D:7      | Got a faintly humming chain mail
  4018 | D:7      | Identified the +3 chain mail "Uzayst" {Dex+3} (You found it
                  | on level 7 of the Dungeon)
  4084 | D:7      | Reached ** piety under Makhleb
  4120 | D:7      | Noticed Menkaure
  4131 | D:7      | Killed Menkaure
  4417 | D:7      | Reached skill level 9 in Axes
  4470 | D:8      | Found a staircase to the Lair.
  4471 | D:8      | Noticed a two-headed ogre
  4486 | D:8      | Noticed Pikel
  4486 | D:8      | Noticed a two-headed ogre
  4503 | D:8      | Killed Pikel
  4503 | D:8      | Reached XP level 10. HP: 26/91 MP: 5/7
  4503 | D:8      | Killed a two-headed ogre
  4505 | D:8      | Killed a two-headed ogre
  4505 | D:8      | Reached skill level 10 in Axes
  4517 | D:8      | Gained mutation: You tend to lose your temper in combat.
                  | [potion of mutation]
  4517 | D:8      | Gained mutation: Your system is resistant to poisons.
                  | (rPois) [potion of mutation]
  4517 | D:8      | Gained mutation: You are agile. (Dex +2) [potion of
                  | mutation]
  4518 | D:8      | Lost mutation: You tend to lose your temper in combat.
                  | [potion of mutation]
  4518 | D:8      | Lost mutation: Your system is resistant to poisons. (rPois)
                  | [potion of mutation]
  4518 | D:8      | Lost mutation: You are agile. (Dex +2) [potion of mutation]
  4518 | D:8      | Gained mutation: Your spells are a little harder to cast,
                  | but a little more powerful. [potion of mutation]
  4518 | D:8      | Gained mutation: You have large cloven feet. [potion of
                  | mutation]
  4558 | D:8      | Noticed Grum
  4581 | D:8      | HP: 3/92 [wolf[Grum] (2)]
  4601 | D:8      | Killed Grum
  4745 | D:8      | Reached *** piety under Makhleb
  4941 | D:8      | Found an ancient bone altar of Kikubaaqudgha.
  5369 | D:9      | Found a sacrificial altar of Ru.
  5530 | D:9      | Found a hazy altar of Hepliaklqana.
  5769 | D:9      | Reached skill level 11 in Axes
  5813 | D:9      | Found a staircase to the Orcish Mines.
  5991 | D:9      | You fall into a shaft and drop 2 floors!
  6005 | D:11     | Noticed a cyclops
  6018 | D:11     | Killed a cyclops
  6018 | D:11     | Reached XP level 11. HP: 54/100 MP: 7/7
  6043 | D:11     | Noticed a white ugly thing
  6054 | D:11     | Killed a white ugly thing
  6061 | D:11     | Reached **** piety under Makhleb
  6235 | D:10     | Entered Level 10 of the Dungeon
  6472 | D:10     | Noticed Psyche
  6495 | D:10     | Killed Psyche
  6601 | D:10     | Noticed Erolcha
  6610 | D:10     | Killed Erolcha
  6651 | D:10     | Found a shadowy altar of Dithmenos.
  6983 | Lair:1   | Entered Level 1 of the Lair of Beasts
  7056 | D:11     | Noticed a cyan ugly thing
  7080 | D:11     | Killed a cyan ugly thing
  7080 | D:11     | Reached skill level 12 in Axes
  7132 | D:11     | Noticed a brown ugly thing
  7138 | D:11     | Killed a brown ugly thing
  7170 | D:11     | Noticed a brown ugly thing
  7187 | D:11     | Killed a brown ugly thing
  7234 | D:11     | Noticed a cyan ugly thing
  7255 | D:11     | Killed a cyan ugly thing
  7304 | D:11     | Found a blossoming altar of Fedhas.
  7780 | D:12     | Noticed a two-headed ogre
  7794 | D:12     | Reached ***** piety under Makhleb
  7794 | D:12     | Reached skill level 10 in Invocations
  7798 | D:12     | Reached XP level 12. HP: 73/110 MP: 5/5
  7809 | D:12     | Killed a two-headed ogre
  7952 | D:12     | Noticed a two-headed ogre
  7954 | D:12     | HP: 5/110 [slime creature (8)]
  8025 | D:12     | Mangled by a very large slime creature

Levels and vault maps discovered:
D:1:      dpeg_arrival_ratfight, layout_loops_corners
D:2:      layout_loops_ring, lemuel_crystal_altar,
          ashenzari_conservatory_becter, grunt_ministairs_9, glass_columns_a
D:3:      layout_basic, makhleb_blood_cavern_becter, first_ration,
          nrook_campfire, uniq_jessica
D:4:      layout_loops_corners, kennysheep_mini_moat, uniq_blork_the_orc,
          uniq_natasha
D:5:      layout_basic, uniq_grinder, uniq_ijyb
D:6:      layout_loops_ring, kennysheep_little_box, yredelemnul_altar_generic
D:7:      layout_basic, minmay_temple_entry_slanted, uniq_menkaure, uniq_duvessa
D:8:      layout_gridville, nicolae_overflow_hidden_temple,
          erik_lair_orcish_takeover, grunt_ogre_cave, uniq_grum, uniq_pikel
D:9:      layout_roguey, hangedman_ru_absence, marbit_many_paths, orc_0_dummy
D:10:     layout_rooms, grunt_dithmenos_shadows, uniq_psyche, uniq_erolcha
D:11:     layout_gridville, fedhas_altar_3
D:12:     layout_basic, uniq_snorg
Lair:1:   layout_hall_layers, lemuel_old_faithful, infiniplex_staircase_pool_2,
          uniq_gastronok, uniq_erica, uniq_sonja

Skill      XL: |  1  2  3  4  5  6  7  8  9 10 11 |
---------------+----------------------------------+-----
Axes           | 3 4 5 6 7 9 11 12 | 12.8
Fighting       | 3 4 5 6 7 8 |  8.1
Armour         | 4 5 6 7 8 9 |  9.7
Shields        | 4 5 6 7 8 9 |  9.7
Invocations    | 1 2 3 5 7 8 10 | 10.3

Action                   |  1- 3 |  4- 6 |  7- 9 | 10-12 || total
-------------------------+-------+-------+-------+-------++-------
Melee: War axe           |    70 |   131 |   400 |   649 ||  1250
       Kick              |       |       |       |   283 ||   283
Invok: Lesser Servant of |       |       |       |     1 ||     1
 Abil: Heal Wounds       |     1 |     5 |    17 |    27 ||    50
Evoke: Wand              |       |       |       |     1 ||     1
       Lamp of fire      |       |       |       |     1 ||     1
  Use: Potion            |       |       |     1 |     4 ||     5
       Scroll            |       |       |       |    17 ||    17
 Stab: Paralysed         |       |       |       |     3 ||     3
       Invisible         |       |       |       |     3 ||     3
  Eat: Chunk             |       |     3 |    10 |    12 ||    25
       Ration            |       |       |       |     1 ||     1
Armor: Scale mail        |    24 |    49 |   120 |       ||   193
       Chain mail        |       |       |    59 |   372 ||   431
Dodge: Dodged            |    34 |    38 |   131 |   202 ||   405
Block: Kite shield       |    41 |    62 |   208 |   477 ||   788

Table legend:
 A = Non-vault XP
 B = Vault XP
 C = Vault XP percentage of total XP
 D = Non-vault monster count
 E = Vault monster count
 F = Vault count percentage of total count
                 A         B        C        D         E       F
            +---------+---------+-------+---------+---------+-------
      Total |   20672 |    4504 |  17.9 |     253 |      37 |  12.8
            +---------+---------+-------+---------+---------+-------
        D:1 |       4 |       5 |  55.6 |       3 |       5 |  62.5
        D:2 |      16 |      71 |  81.6 |       8 |       5 |  38.5
        D:3 |      35 |      80 |  69.6 |      19 |       2 |   9.5
        D:4 |     442 |     131 |  22.9 |      12 |       2 |  14.3
        D:5 |     985 |     303 |  23.5 |      20 |       2 |   9.1
        D:6 |     927 |       0 |   0.0 |      14 |       0 |   0.0
        D:7 |     931 |     383 |  29.1 |      28 |       3 |   9.7
        D:8 |    3080 |    2027 |  39.7 |      36 |      14 |  28.0
        D:9 |    1291 |      96 |   6.9 |      20 |       1 |   4.8
       D:10 |    1390 |    1408 |  50.3 |      18 |       3 |  14.3
       D:11 |    7320 |       0 |   0.0 |      47 |       0 |   0.0
       D:12 |    4251 |       0 |   0.0 |      28 |       0 |   0.0
            +---------+---------+-------+---------+---------+-------
